AoeStats
← LendaBenda

Arabia

507763129Analyzed
1v1 RM · 12d ago on Sep 19, 2026· 55m 47s· 2 players
Game mode
Random Map
Map size
Tiny (2 player)
Population
200
Speed
Normal
Resources
Standard
Victory
Conquest
Starting age
Dark Age
Ending age
Imperial Age
RankedLock teamsTeams togetherTeam positionsShared explorationLock speedFull tech treeHidden civsTurbo modeCheats
Victory
Defeat
🇨🇿 Mongols · Czechia
1022
+15
🇺🇸 Teutons · United States
1004
-15
HeardSinger3328
9:10 Feudal Age
9:38 Double-Bit Axe
19:50 Castle Age
19:31 Horse Collar
20:30 Elite Skirmisher
23:39 Wheelbarrow
23:12 Pikeman
25:24 Hand Cart
25:05 Town Watch
25:23 Fletching
25:22 Loom
26:33 Bodkin Arrow
30:36 Ballistics
35:56 Imperial Age
36:22 Forging
37:49 Chemistry
36:36 Capped Ram
37:51 Padded Archer Armor
37:40 Cavalier
38:54 Ironclad
45:48 Crenellations
46:05 Conscription
46:25 Heavy Plow
52:38 Conscription
53:21 Scale Mail Armor
LendaBenda
9:22 Feudal Age
7:39 Loom
10:11 Double-Bit Axe
10:18 Horse Collar
15:08 Fletching
21:02 Castle Age
22:13 Gold Mining
27:11 Stone Mining
28:29 Bow Saw
28:22 Heavy Plow
29:09 Wheelbarrow
29:24 Bodkin Arrow
33:47 Imperial Age
33:44 Thumb Ring
34:01 Scale Barding Armor
34:41 Hand Cart
34:11 Town Watch
35:04 Elite Mangudai
35:51 Bracer
35:51 Padded Archer Armor
38:08 Conscription
38:30 Parthian Tactics
38:19 Bloodlines
38:09 Husbandry
38:32 Pikeman
39:12 Squires
39:50 Chain Barding Armor
39:41 Forging
41:35 Ballistics
42:15 Chemistry
42:22 Iron Casting
42:09 Elite Skirmisher
52:35 Drill
51:38 Heavy Scorpion
52:45 Padded Archer Armor
Connection lost

Rejoining the realm…

Still unreachable

The connection could not be restored.

Session expired

The server has moved on; the page needs a fresh start.